 Dungeon Crawl Stone Soup version 0.31-a0-271-gb88eb75e06 (webtiles) character file.

Game seed: 14436913350881116749

1883 pokeman the Thaumaturge (level 8, -1/45 HPs)
             Began as a Deep Elf Hedge Wizard on July 14, 2023.
             Slain by an orc
             ... wielding a +2 war axe of electrocution
              (7 damage)
             ... on level 7 of the Dungeon.
             The game lasted 00:10:07 (7695 turns).

pokeman the Thaumaturge (Deep Elf Hedge Wizard)     Turns: 7695, Time: 00:10:08

Health: -1/45      AC:  8    Str:  7    XL:     8   Next: 92%
Magic:  2/24       EV: 13    Int: 22    God:
Gold:   438        SH:  5    Dex: 14    Spells: 17/28 levels left

rFire   . . .        k - +2 scythe (flame)
rCold   + . .        (shield currently unavailable)
rNeg    . . .        l - +2 robe
rPois   +            G - +1 helmet
rElec   .            B - +0 cloak
rCorr   .            I - +0 pair of gloves
SInv    .            (no boots)
Will    .....        A - amulet of reflection
Stlth   ++           y - ring of poison resistance
HPRegen 0.27/turn    E - ring of protection from cold
MPRegen 0.19/turn

%: reflection
@: no status effects
A: no striking features
a: no special abilities


You were on level 7 of the Dungeon.
You visited 2 branches of the dungeon, and saw 8 of its levels.

You collected 438 gold pieces.

Inventory:

Hand Weapons
 k - a +2 scythe of flaming (weapon)
 r - a +3 quarterstaff of chaos
Missiles
 x - a throwing net
Armour
 l - a +2 robe (worn)
 B - a +0 cloak (worn)
 G - a +1 helmet (worn)
 H - a +2 ring mail of fire resistance
 I - a +0 pair of gloves (worn)
Jewellery
 b - an amulet of the acrobat
 y - a ring of poison resistance (left hand)
 z - a ring of willpower
 A - an amulet of reflection (around neck)
 D - a ring of fire
 E - a ring of protection from cold (right hand)
Wands
 F - a wand of polymorph (8)
 J - a wand of iceblast (3)
Scrolls
 c - 2 scrolls of amnesia {unknown}
 f - a scroll of teleportation {unknown}
 g - 2 scrolls of silence {unknown}
 h - a scroll of fog {unknown}
 i - 7 scrolls of identify {unknown}
 m - 2 scrolls of noise {unknown}
 n - 2 scrolls of vulnerability {unknown}
 p - a scroll of torment {unknown}
 u - 2 scrolls of immolation {unknown}
 v - a scroll of blinking {unknown}
 w - a scroll of fear {unknown}
 K - a scroll of enchant armour {unknown}
Potions
 a - a potion of attraction {unknown}
 d - a potion of magic
 e - 3 potions of enlightenment {unknown}
 j - a potion of berserk rage {unknown}
 o - 3 potions of lignification {unknown}
 q - 2 potions of haste {unknown}
 s - 3 potions of brilliance {unknown}
 t - 4 potions of heal wounds {unknown}
 C - 2 potions of curing {unknown}


   Skills:
 + Level 2.9 Fighting
 - Level 3.0 Armour
 - Level 3.0 Dodging
 - Level 3.0 Stealth
 * Level 10.6 Spellcasting
 + Level 5.6 Conjurations
 - Level 1.1 Summonings
 - Level 1.1 Translocations
 - Level 1.1 Air Magic
 + Level 3.5 Earth Magic
 - Level 1.0 Poison Magic
 + Level 0.4 Evocations


You had 17 spell levels left.
You knew the following spells:

 Your Spells              Type           Power      Damage    Failure   Level
a - Magic Dart            Conj           100%       1d8       1%          1
b - Mephitic Cloud        Conj/Pois/Air  23%        N/A       6%          3
c - Call Imp              Summ           32%        N/A       5%          2
d - Blink                 Tloc           32%        N/A       5%          2
e - Stone Arrow           Conj/Erth      64%        3d11      2%          3

Your spell library contained the following spells:

 Spells                   Type           Power      Damage    Failure   Level
 Kiss of Death            Conj/Necr      96%        2d12      1%          1
 Sandblast                Erth           54%        2d13      1%          1
 Passwall                 Tmut/Erth      15%        N/A       4%          2
 Slow                     Hex            44%        N/A       5%          1
 Cigotuvi's Dreadful Rot  Necr/Pois/Air  30%        N/A       6%          2
 Wereblood                Tmut           11%        N/A       9%          2
 Confusing Touch          Hex            11%        N/A       17%         3
 Irradiate                Conj/Tmut      12%        3d15      43%         5
 Dispel Undead            Necr           11%        3d9       50%         4


Dungeon Overview and Level Annotations

Branches:
Dungeon (7/15)             Temple (1/1) D:4

Altars:
Ashenzari
Cheibriados
Dithmenos
Elyvilon
Fedhas
Gozag
Hepliaklqana
Nemelex Xobeh
Okawaru
Qazlal
Ru
Sif Muna
Trog
Uskayaw
Wu Jian
Zin
The Shining One


Message History

Confirm with . or Enter, or press ? or * to list all spells.
You don't have enough magic to cast this spell.
Unknown command.
Unknown command.
Unknown command.
You hit the orc. You burn the orc.
The orc is almost dead.
The hornet buzzes around in tight circles.
You block the hornet's attack. The orc hits you but does no damage.
Unknown command.
You strike the helpless hornet from behind!
You hit the hornet. You burn the hornet.
The hornet is heavily wounded.
The orc is no longer moving slowly.
The hornet stings you! You block the orc's attack. The orc closely misses you.
The hornet stings you.
Unknown command.
You slash the orc! You burn the orc.
You kill the orc!
The hornet closely misses you. The hornet stings you!
You feel yourself slow down.
The hornet completely misses itself.
Unknown command.
You barely miss something. The orc hits you but does no damage.
You are electrocuted!!
* * * LOW HITPOINT WARNING * * *
Something hits you.
* * * LOW HITPOINT WARNING * * *
The hornet closely misses you.
The hornet stings itself but does no damage.
The orc barely misses you. Something hits you but does no damage.
You miss something.
You feel yourself speed up.
You feel a bit more experienced. You block the hornet's attack.
Something hits you but does no damage. The orc barely misses you.
The hornet stings you.
* * * LOW HITPOINT WARNING * * *
The hornet closely misses itself.
You hear some strange, mumbled words.
Something tries to affect you, but you resist.
The orc hits you with a +2 war axe of electrocution!
You die...

.. #. #..
#..#############
#...............
##.#.#.....####.
#.oo#<....#
###y#...o.+
#@#.)...#
#..o)........
#..........#.
#..........#
#..........#
#..........#
#...[......
#..........


You could see a hornet (confused) and 3 orcs.

Vanquished Creatures
  Sigmund (D:2)
  2 black bears
  An ice beast (D:6)
  2 orc warriors
  2 ogres
  A centaur (D:6)
  5 scorpions
  5 killer bees (D:6)
  A hound (D:5)
  3 orc priests
  Crazy Yiuf (D:2)
  4 iguanas
  2 sleepcaps (D:6)
  Robin (D:2)
  3 gnolls (D:5)
  5 adders
  A shadow imp (D:5)
  2 dart slugs
  12 orcs
  7 endoplasms
  5 giant cockroaches
  12 goblins
  9 hobgoblins
  8 quokkas
  2 ball pythons
  5 bats
  6 frilled lizards
  7 kobolds
  4 rats
119 creatures vanquished.

Vanquished Creatures (collateral kills)
  An orc wizard (D:7)
1 creature vanquished.

Vanquished Creatures (others)
  A killer bee (D:6)
1 creature vanquished.

Grand Total: 121 creatures vanquished

Notes
Turn   | Place    | Note
-------+----------+-------------------------------------------
     0 | D:1      | pokeman the Deep Elf Hedge Wizard began the quest for the
                  | Orb.
     0 | D:1      | Reached XP level 1. HP: 10/10 MP: 7/7
   367 | D:1      | Reached XP level 2. HP: 15/15 MP: 4/9
  1149 | D:2      | Noticed Sigmund
  1240 | D:2      | Reached skill level 5 in Spellcasting
  1388 | D:2      | Reached XP level 3. HP: 20/20 MP: 3/11
  1392 | D:2      | Learned a level 3 spell: Mephitic Cloud
  1395 | D:2      | Learned a level 2 spell: Call Imp
  1398 | D:2      | Learned a level 2 spell: Blink
  1452 | D:2      | Killed Sigmund
  1453 | D:2      | Reached skill level 1 in Fighting
  1453 | D:2      | Reached skill level 1 in Armour
  1453 | D:2      | Reached skill level 6 in Spellcasting
  1453 | D:2      | Reached XP level 4. HP: 23/26 MP: 3/14
  1453 | D:2      | Reached XP level 5. HP: 26/30 MP: 3/15
  1627 | D:2      | Found a shadowy altar of Dithmenos.
  1802 | D:2      | Found a runed translucent door.
  1803 | D:2      | Noticed Crazy Yiuf
  2274 | D:2      | Found a faded altar of an unknown god.
  2341 | D:2      | You fall into a shaft and drop 2 floors!
  2348 | D:3      | Found a broken altar of Ashenzari.
  2350 | D:3      | Found a faded altar of an unknown god.
  2390 | D:4      | Found a staircase to the Ecumenical Temple.
  2396 | Temple   | Entered the Ecumenical Temple
  2640 | D:4      | Noticed an ogre
  2651 | D:4      | Killed an ogre
  2652 | D:4      | Reached XP level 6. HP: 35/35 MP: 10/17
  2657 | D:4      | Reached skill level 7 in Spellcasting
  2670 | D:4      | Reached skill level 1 in Poison Magic
  2773 | D:4      | Found a shadowy altar of Dithmenos.
  3236 | D:3      | Reached skill level 1 in Air Magic
  3462 | D:3      | Reached XP level 7. HP: 39/39 MP: 17/20
  3948 | D:2      | Noticed Robin
  3956 | D:2      | Killed Robin
  4058 | D:2      | Killed Crazy Yiuf
  4580 | D:5      | Entered Level 5 of the Dungeon
  4843 | D:5      | Reached skill level 8 in Spellcasting
  5121 | D:5      | Found a sparkling altar of Nemelex Xobeh.
  5386 | D:5      | Learned a level 3 spell: Stone Arrow
  5516 | D:5      | Reached skill level 1 in Earth Magic
  6150 | D:6      | Reached skill level 9 in Spellcasting
  6159 | D:6      | Reached XP level 8. HP: 44/44 MP: 2/23
  6471 | D:6      | Reached skill level 5 in Conjurations
  6585 | D:6      | Reached skill level 10 in Spellcasting
  6780 | D:6      | Found a large runed translucent door.
  6781 | D:6      | Found a large runed translucent door.
  7390 | D:6      | Found a bloodstained altar of Trog.
  7458 | D:6      | Found an ornate altar of the Wu Jian Council.
  7672 | D:7      | Noticed a hornet
  7695 | D:7      | Slain by an orc

Illustrated notes

Levels and vault maps discovered:
D:1:      elethiomel_arrival_maze, layout_basic, minivault_26,
          minmay_pentomino_q2
D:2:      layout_loops_ring, chequers_ecumenical_altar_simple, basic_altar,
          grunt_ministairs_6, uniq_crazy_yiuf_cottage, uniq_sigmund, uniq_robin
D:3:      layout_loops_ring, nicolae_overflow_ecumenical_swirl
D:4:      layout_basic, nicolae_dithmenos_the_darkroom,
          minmay_temple_entry_fiery
D:5:      layout_layer_cave, lemuel_coloured_pillars_altar, serial_bayou_pond_a,
          chequers_serial_rivers_micro_b
D:6:      layout_cave_pods, jmf_multi_god_temple2
D:7:      layout_basic, gammafunk_temple_of_torment
Temple:   hellmonk_temple_flake

Skill      XL: |  1  2  3  4  5  6  7  8 |
---------------+-------------------------+-----
Spellcasting   | 5 6 7 9 10 | 10.6
Fighting       | 1 2 |  2.9
Armour         | 1 2 3 |  3.0
Conjurations   | 2 3 4 5 |  5.6
Stealth        | 3 |  3.0
Dodging        | 3 |  3.0
Poison Magic   | 1 |  1.0
Air Magic      | 1 |  1.1
Earth Magic    | 1 3 |  3.5
Summonings     | |  1.1
Translocations | |  1.1
Evocations     | |  0.4

Action                     |  1- 3 |  4- 6 |  7- 9 || total
---------------------------+-------+-------+-------++-------
  Melee: Dagger            |     6 |       |       ||     6
         Halberd           |       |    22 |    28 ||    50
   Cast: Magic Dart        |    55 |    54 |   120 ||   229
         Mephitic Cloud    |     1 |     5 |     9 ||    15
         Call Imp          |     1 |       |     1 ||     2
         Stone Arrow       |       |       |    48 ||    48
   Stab: Confused          |     2 |     2 |     4 ||     8
         Petrifying        |       |       |     1 ||     1
 Armour: Robe              |       |     9 |    12 ||    21
  Dodge: Dodged            |    19 |    18 |    35 ||    72
  Block: Other             |       |       |    22 ||    22

Table legend: (Time is in decaauts)
 A = Elapsed time spent in this place.
 B = Non-inter-level travel time spent in this place.
 C = Inter-level travel time spent in this place.
 D = Time resting spent in this place.
 E = Time spent auto-exploring this place.
 F = Levels seen in this place.
 G = Mean time per level.
                   A        B        C        D        E       F      G
               +--------+--------+--------+--------+--------+-----+--------+
         Total |   7720 |   7385 |    335 |     91 |   6408 |   8 |  965.0 |
       Dungeon |   7570 |   7244 |    326 |     91 |   6281 |   7 | 1081.4 |
        Temple |    149 |    140 |      9 |      0 |    127 |   1 |  149.0 |
               +--------+--------+--------+--------+--------+-----+--------+

Top non-repeatable levels by time:
     D:2: 1583 daAuts
     D:5: 1567 daAuts
     D:6: 1516 daAuts
     D:1: 1225 daAuts
     D:3: 939 daAuts
     D:4: 698 daAuts
  Temple: 149 daAuts
     D:7: 40 daAuts
